AoeStats
← VX | Oblígame Perro!

African Clearing

503974246Analyzed
4v4 RM · 1mo ago on Sep 3, 2026· 19m 42s· 8 players
Game mode
Random Map
Map size
Large (8 player)
Population
200
Speed
Normal
Resources
Standard
Victory
Conquest
Starting age
Dark Age
Ending age
Imperial Age
RankedLock teamsTeams togetherTeam positionsShared explorationLock speedFull tech treeHidden civsTurbo modeCheats
Victory
Defeat
🇨🇳 Tupi · China
1645
+8
🇹🇼 Berbers · Taiwan
1563
+11
🇨🇳 Maya · China
1529
+12
🇫🇮 Burgundians · Finland
1528
+13
🇲🇽 Huns · Mexico
1479
-12
🇳🇱 Armenians · Netherlands
1457
-11
🇪🇸 Wei · Spain
1445
-11
🇹🇷 Huns · Türkiye
1422
-10
我是你巴巴
10:30 Loom
12:52 Feudal Age
16:57 Castle Age
15:25 Double-Bit Axe
16:17 Town Watch
17:49 Fletching
thaebS
6:07 Loom
13:50 Feudal Age
14:02 Feudal Age
14:49 Double-Bit Axe
16:03 Horse Collar
Jhih
9:57 Loom
10:54 Loom
12:59 Feudal Age
13:58 Double-Bit Axe
15:11 Scale Barding Armor
16:15 Forging
20:44 Wheelbarrow
冬瀑
3:03 Loom
14:02 Feudal Age
17:37 Castle Age
17:06 Fletching
18:41 Bodkin Arrow
VX | Oblígame Perro!
4:20 Loom
8:07 Loom
12:21 Feudal Age
13:21 Double-Bit Axe
15:50 Scale Barding Armor
18:45 Forging
NikTheBrewer
4:37 Loom
16:08 Feudal Age
16:47 Double-Bit Axe
19:23 Wheelbarrow
BuildDisorder [2]
7:59 Loom
13:51 Feudal Age
14:17 Double-Bit Axe
16:09 Fletching
16:19 Padded Archer Armor
wifi
12:41 Loom
14:27 Feudal Age
13:59 Loom
15:45 Feudal Age
17:04 Double-Bit Axe
17:00 Horse Collar
19:56 Castle Age
17:45 Horse Collar
Connection lost

Rejoining the realm…

Still unreachable

The connection could not be restored.

Session expired

The server has moved on; the page needs a fresh start.